 Dungeon Crawl Stone Soup version 0.25.1-2-g60ff931df9 (webtiles) character file.

Game seed: 17221237884169390248

1400 gruber the Transmogrifier (level 8, 0/64 HPs)
             Began as a Merfolk Transmuter on Aug 25, 2020.
             Slain by a killer bee (3 damage)
             ... on level 6 of the Dungeon.
             The game lasted 00:07:21 (7929 turns).

gruber the Transmogrifier (Merfolk Transmuter)      Turns: 7929, Time: 00:07:22

Health: 0/64       AC:  6    Str: 11    XL:     8   Next: 69%
Magic:  12/12      EV: 14    Int: 14    God:
Gold:   301        SH:  0    Dex: 14    Spells: 3/13 levels left

rFire    . . .     SeeInvis .     - Unarmed
rCold    + + +     Gourm    .   (shield currently unavailable)
rNeg     . . .     Faith    .   (armour currently unavailable)
rPois    +         Spirit   .   (helmet currently unavailable)
rElec    .         Reflect  .   (cloak currently unavailable)
rCorr    .         Harm     .   (gloves currently unavailable)
MR       .....                  (boots currently unavailable)
Stlth    +.........             (no amulet)
HPRegen  0.20/turn              r - ring of protection from fire
MPRegen  0.13/turn              (no ring)

@: lethally poisoned (0 -> -1), ice-form
A: large, (change form in water), (swift swim), (stealthy swim)
a: End Transformation


You were on level 6 of the Dungeon.
You were not hungry.
You were a creature of crystalline ice.
You visited 1 branch of the dungeon, and saw 7 of its levels.

You collected 301 gold pieces.

Inventory:

Missiles
 a - 111 arrows
Armour
 b - a +0 robe (melded)
 o - a +0 pair of boots (melded)
 y - a +0 pair of gloves (melded)
Jewellery
 r - a ring of protection from fire (left front paw)
 E - an uncursed ring of ice
Wands
 q - a wand of acid (5)
 s - a wand of paralysis (9)
 v - a wand of polymorph (10)
 B - a wand of enslavement (14)
Scrolls
 f - a scroll of fog {unknown}
 g - 4 scrolls of amnesia {unknown}
 h - 6 scrolls of teleportation {unknown}
 i - 3 scrolls of remove curse {unknown}
 k - 2 scrolls of enchant weapon {unknown}
 l - 8 scrolls of identify {unknown}
 A - a scroll of fear {unknown}
 C - a scroll of blinking {unknown}
Potions
 c - a potion of resistance {unknown}
 e - 5 potions of haste {unknown}
 j - 2 potions of brilliance {unknown}
 m - 2 potions of flight {unknown}
 n - 2 potions of mutation {unknown}
 p - a potion of stabbing {unknown}
 t - 2 potions of degeneration {unknown}
 u - 2 potions of curing
 w - a potion of heal wounds {unknown}
 x - a potion of cancellation {unknown}
 z - a potion of magic {unknown}
 D - a potion of might {unknown}
Comestibles
 d - 7 rations


   Skills:
 - Level 1.1 Fighting
 * Level 7.3 Dodging
 - Level 5.0 Unarmed Combat
 - Level 3.0 Spellcasting
 - Level 8.1 Transmutations
 - Level 4.3 Ice Magic
 - Level 3.0 Poison Magic


You had 3 spell levels left.
You knew the following spells:

 Your Spells              Type           Power        Failure   Level  Hunger
a - Beastly Appendage     Tmut           ####..       1%          1    #......
b - Sticks to Snakes      Tmut           ####....     1%          2    ##.....
c - Spider Form           Tmut/Pois      ###.......   6%          3    ###....
d - Ice Form              Ice/Tmut       ###.....     16%         4    #####..

Your spell library contained the following spells:

 Spells                   Type           Power        Failure   Level  Hunger
 Shock                    Conj/Air       #...         22%         1    #......
 Swiftness                Chrm/Air       #.......     32%         2    ##.....
 Confusing Touch          Hex            #.......     54%         3    ###....
 Gell's Gravitas          Tloc           #.........   54%         3    ###....
 Static Discharge         Conj/Air       #.......     54%         3    ###....
 Blade Hands              Tmut           ####......   21%         5    ######.
 Petrify                  Tmut/Erth      ##......     36%         4    #####..
 Yara's Violent Unravell  Hex/Tmut       ##........   73%         5    ######.
 Airstrike                Air            #.........   91%         4    #####..
 Metabolic Englaciation   Hex/Ice        #.........   94%         5    ######.
 Lightning Bolt           Conj/Air       #.........   99%         5    ######.


Dungeon Overview and Level Annotations

Branches:
Dungeon (7/15)
 Temple: D:4-7

Altars:
Trog
Yredelemnul


Message History

The killer bee barely misses you.
Unknown command.
Unknown command.
Unknown command.
You barely miss the killer bee.
The killer bee is moderately wounded.
The killer bee barely misses you.
Unknown command.
Unknown command.
You miss the killer bee.
The killer bee is moderately wounded.
You feel sick. The killer bee closely misses you. The killer bee misses you.
Unknown command.
Unknown command.
You miss the killer bee.
The killer bee is moderately wounded.
The killer bee stings you.
* * * LOW HITPOINT WARNING * * *
The killer bee stings you.
You die...

### ###############..
#.........#...#..
#.........#...'.. ######
######..##..######.. #...[#
##..###..######...... #....#
#..y†.....#...#....#'
#....#####
#...Y.....#...'....+.
#........#
#..####..######....#.
#####....#
#.....#..##..#.....#. #....#
#.....#...#..#.....#. #....#
#.....#...#..#.....#.
#....####.....#'###..#.....#+
#....#..#####.....#..#.....#.
#....#......#.....+..#.....'.
#....#......#.....#'##....<#.


You could see a killer bee.

Vanquished Creatures
  Sigmund (D:5)
  A black bear (D:6)
  A sky beast (D:5)
  An ogre (D:6)
  A big kobold (D:5)
  A bullfrog (D:6)
  2 scorpions
  2 killer bees (D:6)
  A crimson imp (D:5)
  2 hounds
  2 bullfrog zombies
  An iguana (D:4)
  Ijyb (D:3)
  4 worker ants
  A worker ant zombie (D:6)
  2 gnolls (D:5)
  5 adders
  A shadow imp (D:6)
  2 oozes
  4 worms
  13 dart slugs
  4 leopard geckos
  5 orcs
  A ball python (D:2)
  5 giant cockroaches
  10 goblins
  7 hobgoblins
  8 jackals
  3 quokkas
  A ball python skeleton (D:4)
  10 bats
  3 frilled lizards
  12 kobolds
  9 rats
127 creatures vanquished.

Vanquished Creatures (collateral kills)
  Edmund (D:5)
  A hobgoblin (D:2)
  A jackal (D:2)
3 creatures vanquished.

Vanquished Creatures (others)
  A gnoll (D:5)
1 creature vanquished.

Grand Total: 131 creatures vanquished

Notes
Turn   | Place    | Note
-------+----------+-------------------------------------------
     0 | D:1      | gruber the Merfolk Transmuter began the quest for the Orb.
     0 | D:1      | Reached XP level 1. HP: 15/15 MP: 3/3
   234 | D:1      | Reached XP level 2. HP: 12/21 MP: 3/5
   408 | D:1      | Learned a level 2 spell: Sticks to Snakes
   577 | D:1      | Reached skill level 3 in Transmutations
   624 | D:1      | Reached XP level 3. HP: 22/26 MP: 6/6
  1560 | D:2      | Reached XP level 4. HP: 7/32 MP: 0/7
  1833 | D:2      | Learned a level 3 spell: Spider Form
  3243 | D:3      | Found a basalt altar of Yredelemnul.
  3246 | D:3      | Found a bloodstained altar of Trog.
  3284 | D:3      | Reached skill level 5 in Unarmed Combat
  3284 | D:3      | Reached XP level 5. HP: 37/37 MP: 7/9
  3497 | D:3      | Noticed Ijyb
  3508 | D:3      | Killed Ijyb
  3508 | D:3      | Reached skill level 4 in Transmutations
  3522 | D:3      | Learned a level 4 spell: Ice Form
  4047 | D:4      | Reached skill level 5 in Transmutations
  4047 | D:4      | Reached skill level 1 in Poison Magic
  4047 | D:4      | Reached XP level 6. HP: 43/43 MP: 6/10
  4334 | D:4      | You fall into a shaft and drop 1 floor!
  4334 | D:5      | Entered Level 5 of the Dungeon
  4343 | D:5      | Noticed a sky beast
  4362 | D:5      | Killed a sky beast
  4362 | D:5      | Reached skill level 6 in Transmutations
  4855 | D:5      | Noticed Sigmund
  4861 | D:5      | Killed Sigmund
  4861 | D:5      | Reached skill level 7 in Transmutations
  4861 | D:5      | Reached XP level 7. HP: 48/48 MP: 7/11
  4906 | D:5      | Reached skill level 8 in Transmutations
  5104 | D:5      | Noticed Edmund
  5136 | D:5      | Killed Edmund
  5418 | D:5      | Reached XP level 8. HP: 22/54 MP: 8/12
  6764 | D:6      | Reached skill level 5 in Dodging
  7929 | D:6      | HP: 3/64 [killer bee (2)]
  7929 | D:6      | Slain by a killer bee

Illustrated notes

Levels and vault maps discovered:
D:1:      dpeg_arrival_simpleton_b, layout_loops_corners, due_unseen_surprise
D:2:      layout_loops_cross
D:3:      layout_loops_cross, chequers_temple_overflow_statue_of_worship,
          uniq_ijyb
D:4:      layout_loops_ring, first_ration
D:5:      kennysheep_slugbush, layout_loops_ring, uniq_sigmund, uniq_edmund
D:6:      layout_gridville
D:7:      cheibrodos_shockbox, layout_cave_pools, nicolae_tso_besieged_by_evil,
          minmay_temple_entry_trees, led_sif_pool

Skill      XL: |  1  2  3  4  5  6  7  8 |
---------------+-------------------------+-----
Unarmed Combat | 4 5 |  5.0
Transmutations | 3 5 7 8 |  8.1
Spellcasting   | 3 |  3.0
Poison Magic   | 1 3 |  3.0
Ice Magic      | 3 4 |  4.3
Dodging        | 7 |  7.3
Fighting       | |  1.1

Action                   |  1- 3 |  4- 6 |  7- 9 || total
-------------------------+-------+-------+-------++-------
Melee: Unarmed           |    93 |   208 |   177 ||   478
       Headbutt          |    11 |    10 |     2 ||    23
       Punch             |     2 |     1 |     1 ||     4
       Tailslap          |       |     6 |     1 ||     7
 Cast: Beastly Appendage |    10 |     9 |     3 ||    22
       Sticks to Snakes  |     5 |     1 |     3 ||     9
       Spider Form       |       |    13 |    14 ||    27
       Ice Form          |       |       |     1 ||     1
 Stab: Sleeping          |       |     1 |     1 ||     2
  Eat: Chunk             |     3 |    12 |     6 ||    21
       Ration            |       |       |     2 ||     2
Armor: Robe              |    10 |    27 |    13 ||    50
       Skin              |       |     5 |    15 ||    20
Dodge: Dodged            |    56 |   152 |   149 ||   357
